 Dungeon Crawl Stone Soup version 0.19.4 (webtiles) character file.

1001 Naow the Destroyer (level 8, -12/41 HPs)
             Began as a Deep Elf Conjurer on Jan 30, 2017.
             Killed from afar by a centaur (15 damage)
             ... with a wand of lightning
             ... on level 5 of the Dungeon.
             The game lasted 00:06:56 (6673 turns).

Naow the Destroyer (Deep Elf Conjurer)              Turns: 6673, Time: 00:06:56

Health: -12/41     AC:  3    Str:  5    XL:     8   Next: 0%
Magic:  15/20      EV: 13    Int: 23    God:
Gold:   213        SH:  0    Dex: 15    Spells: 4 memorised, 8 levels left

rFire  . . .     SeeInvis .     (no weapon)
rCold  . . .     Gourm    +     a - +0 robe
rNeg   . . .     Faith    .     (no shield)
rPois  .         Spirit   .     (no helmet)
rElec  .         Reflect  .     u - +0 cloak
rCorr  .         Harm     .     (no gloves)
MR     .....                    (no boots)
Stlth  ++........               y - amulet of the gourmand
                                (no ring)
                                t - ring of wizardry

@: no status effects
A: no striking features
a: no special abilities


You were on level 5 of the Dungeon.
You were not hungry.

You visited 1 branch of the dungeon, and saw 5 of its levels.

You collected 213 gold pieces.

Inventory:

Armour
 a - a +0 robe (worn)
 u - a +0 cloak (worn)
Jewellery
 t - a ring of wizardry (left hand)
 y - an amulet of the gourmand (around neck)
Scrolls
 e - a scroll of fog {unknown}
 j - a scroll of enchant armour {unknown}
 m - 4 scrolls of enchant weapon {unknown}
 o - 6 scrolls of identify {unknown}
 q - 2 scrolls of magic mapping {unknown}
 x - a scroll of remove curse {unknown}
Potions
 d - a potion of berserk rage {unknown}
 h - 2 potions of curing {unknown}
 k - 2 potions of flight {unknown}
 l - a potion of degeneration {unknown}
 p - a potion of brilliance {unknown}
 r - 2 potions of agility {unknown}
 s - 2 potions of heal wounds {unknown}
 w - 2 potions of haste {unknown}
 z - a potion of might {unknown}
 A - a potion of magic {unknown}
Books
 b - a book of Conjurations

   Spells                             Type                      Level
   a - Magic Dart                     Conjuration                  1
   b - Searing Ray                    Conjuration                  2
   c - Dazzling Spray                 Conjuration/Hexes            3
   d - Fulminant Prism                Conjuration/Hexes            4
   e - Iskenderun's Mystic Blast      Conjuration                  4
   f - Iskenderun's Battlesphere      Conjuration/Charms           5
Comestibles
 c - 5 bread rations
 f - a beef jerky
 g - 3 fruits
 i - a meat ration
 n - 2 slices of pizza
 v - 3 chunks of flesh


   Skills:
 - Level 2.4 Dodging
 - Level 2.4 Stealth
 + Level 6.9 Spellcasting
 * Level 9.0 Conjurations
 + Level 4.4 Charms


You had 8 spell levels left.
You knew the following spells:

 Your Spells              Type           Power        Failure   Level  Hunger
a - Magic Dart            Conj           ####         1%          1    None
b - Searing Ray           Conj           #####.       1%          2    None
c - Iskenderun's Battles  Conj/Chrm      #####...     7%          5    #####..
d - Iskenderun's Mystic   Conj           #####...     1%          4    ###....


Dungeon Overview and Level Annotations

Branches:
Dungeon (5/15)
 Temple: D:4-7

Altars:
Ashenzari
Elyvilon
Ru
Sif Muna


Message History

The bolt of lightning hits you!
* * * LOW HITPOINT WARNING * * *
Casting: Magic Dart
Confirm with . or Enter, or press ? or * to list all spells.
Aiming: Magic Dart
Press: ? - help, Shift-Dir - straight line, f/p - centaur
Aim: a centaur, carrying a wand of lightning {zapped: 2} (lightly wounded)
The magic dart hits the centaur.
The centaur is lightly wounded.
Casting: Magic Dart
Confirm with . or Enter, or press ? or * to list all spells.
Aiming: Magic Dart
Press: ? - help, Shift-Dir - straight line, f/p - centaur
Aim: a centaur, carrying a wand of lightning {zapped: 2} (lightly wounded)
The magic dart hits the centaur.
The centaur is lightly wounded.
The centaur wields a shortbow.
The centaur shoots an arrow.
The arrow hits you.
* * * LOW HITPOINT WARNING * * *
The centaur zaps a wand.
The bolt of lightning hits you!
You die...

##...####... ##..#####
#.#......# †≈
..........
........##≈≈#
#.#.####..##.#......#rr
..#.# #.##.........'##
..#.# #.#.........c...
..#.# ##.............
#.#.# ............#
#...# #........@>#
#..## #.........##
#..###.#.........#
##.....#.........#
....#####...>...##
##..# #.........# ...#
#.........# ....#
#.........#
.....###.........#


You could see a centaur, a river rat and a rat.

Vanquished Creatures
  2 ogres
  A phantom (D:5)
  A scorpion (D:4)
  A howler monkey (D:4)
  2 crimson imps (D:5)
  A hound (D:4)
  2 orc priests
  3 iguanas
  4 orc wizards
  3 worker ants
  A hound skeleton (D:4)
  A hound zombie (D:5)
  6 adders
  A shadow imp (D:5)
  An ooze (D:3)
  An adder zombie (D:5)
  An adder skeleton (D:4)
  6 worms
  3 dart slugs
  3 leopard geckos
  20 orcs
  4 giant cockroaches
  6 hobgoblins
  24 jackals
  3 ball pythons
  4 bats
  3 frilled lizards
  10 goblins
  7 kobolds
  6 rats
131 creatures vanquished.

Notes
Turn   | Place    | Note
-------+----------+-------------------------------------------
     0 | D:1      | Naow the Deep Elf Conjurer began the quest for the Orb.
     0 | D:1      | Reached XP level 1. HP: 10/10 MP: 6/6
   321 | D:1      | Reached XP level 2. HP: 15/15 MP: 6/8
   325 | D:1      | Learned a level 2 spell: Searing Ray
   960 | D:2      | Reached skill level 5 in Conjurations
  1215 | D:2      | Reached XP level 3. HP: 15/19 MP: 5/10
  1911 | D:2      | Reached XP level 4. HP: 24/24 MP: 7/12
  2469 | D:3      | Reached skill level 6 in Conjurations
  2683 | D:3      | Reached XP level 5. HP: 24/28 MP: 4/13
  3363 | D:3      | Found a shattered altar of Ashenzari.
  3856 | D:3      | Found a deep blue altar of Sif Muna.
  3938 | D:4      | Reached skill level 5 in Spellcasting
  4221 | D:4      | Reached skill level 7 in Conjurations
  4228 | D:4      | Learned a level 5 spell: Iskenderun's Battlesphere
  4233 | D:4      | Learned a level 4 spell: Iskenderun's Mystic Blast
  4294 | D:4      | Reached XP level 6. HP: 29/32 MP: 4/15
  4729 | D:4      | Reached skill level 1 in Charms
  5513 | D:4      | Found a white marble altar of Elyvilon.
  5520 | D:4      | Reached skill level 8 in Conjurations
  5520 | D:4      | Reached XP level 7. HP: 36/36 MP: 12/17
  5815 | D:5      | Entered Level 5 of the Dungeon
  6140 | D:5      | Found a sacrificial altar of Ru.
  6521 | D:5      | Reached skill level 9 in Conjurations
  6566 | D:5      | Reached XP level 8. HP: 41/41 MP: 6/20
  6673 | D:5      | Killed from afar by a centaur

Skill      XL: |  1  2  3  4  5  6  7 |
---------------+----------------------+-----
Conjurations   | 5 6 7 8 9 |  9.0
Spellcasting   | 4 5 6 |  6.9
Charms         | 2 4 |  4.4
Dodging        | |  2.4
Stealth        | |  2.4

Action                   |  1- 3 |  4- 6 |  7- 9 || total
-------------------------+-------+-------+-------++-------
 Cast: Magic Dart        |    87 |   128 |    60 ||   275
       Searing Ray       |       |    18 |    11 ||    29
  Eat: Chunk             |     3 |    11 |     3 ||    17
Armor: Robe              |       |     3 |     8 ||    11
Dodge: Dodged            |     2 |    18 |    25 ||    45
